[ AOE2 MATCH · #505653277 ]
UnrankedPersians vs Khmer
Player's team · WIN
Rival team · LOSS
[ REPLAY ANALYSIS · EXTRACTED FROM THE RECORDED GAME ]
Feudal
—
Castle
—
Imperial
—
| APM avg | 41.7 |
| APM peak | 82 |
| eAPM avg | 16.7 |
| Villagers / military | 151 / 80 |
Focus
⚔️ 32.6% · 🌾 67.4%
Knight ×46 · Cavalry Archer ×11 · Spearman ×6 · Monk ×4 · Battering Ram ×4 · Scout Cavalry ×4
Feudal
—
Castle
—
Imperial
—
| APM avg | 45.6 |
| APM peak | 114 |
| eAPM avg | 20.3 |
| Villagers / military | 92 / 97 |
Focus
⚔️ 32.3% · 🌾 67.7%
Spearman ×50 · Skirmisher ×23 · Scout Cavalry ×12 · Monk ×5 · Trebuchet (Packed) ×4 · Scorpion ×3
Match map
Initial resources + every placement click. Lines = walls · curves = elevation contours. ◆ gold · ⬟ stone · ● berries · ✦ relic · ◌ wall gap
Your base· Open — unwalled flank
ManyKitten76428's base· Open — 4t gap
Smoothed initial terrain · ◌ = detected wall gap · hover for details
Inputs per minute
— HAN | Bilge Tonyukuk - - ManyKitten76428
Build order — HAN | Bilge Tonyukuk
First 150 of 354 actions detected
| 0:01 | Queue | Villager (Male) |
| 0:01 | Queue | Villager (Male) |
| 0:03 | Build | House |
| 0:04 | Build | House |
| 0:12 | Queue | Villager (Male) |
| 0:32 | Queue | Villager (Male) |
| 0:32 | Queue | Villager (Male) |
| 0:33 | Queue | Villager (Male) |
| 1:24 | Queue | Villager (Male) |
| 1:45 | Build | Lumber Camp |
| 2:00 | Queue | Villager (Male) |
| 2:00 | Queue | Villager (Male) |
| 2:25 | Queue | Villager (Male) |
| 2:54 | Queue | Villager (Male) |
| 2:54 | Queue | Villager (Male) |
| 3:17 | Queue | Villager (Male) |
| 3:41 | Queue | Villager (Male) |
| 4:00 | Queue | Villager (Male) |
| 4:08 | Research | Loom |
| 4:11 | Build | House |
| 4:41 | Queue | Villager (Male) |
| 5:10 | Queue | Villager (Male) |
| 5:24 | Queue | Villager (Male) |
| 5:43 | Queue | Villager (Male) |
| 5:50 | Build | House |
| 6:22 | Queue | Villager (Male) |
| 6:26 | Queue | Villager (Male) |
| 6:32 | Build | Mill |
| 6:38 | Queue | Villager (Male) |
| 7:12 | Research | Feudal Age |
| 7:24 | Build | Barracks |
| 8:13 | Build | House |
| 8:27 | Queue | Villager (Male) |
| 8:45 | Build | Palisade Wall |
| 8:57 | Queue | Villager (Male) |
| 9:22 | Build | Stable |
| 9:30 | Queue | Villager (Male) |
| 9:48 | Build | Farm |
| 10:05 | Build | Farm |
| 10:12 | Queue | Villager (Male) |
| 10:22 | Research | Double-Bit Axe |
| 10:24 | Queue | Scout Cavalry |
| 10:25 | Queue | Scout Cavalry |
| 10:30 | Queue | Villager (Male) |
| 10:51 | Queue | Villager (Male) |
| 11:20 | Build | Farm |
| 11:30 | Build | Farm |
| 11:30 | Build | Farm |
| 11:30 | Build | Farm |
| 11:30 | Build | Farm |
| 11:31 | Build | Farm |
| 11:35 | Queue | Villager (Male) |
| 11:45 | Queue | Villager (Male) |
| 11:57 | Queue | Scout Cavalry |
| 12:02 | Build | House |
| 12:05 | Build | House |
| 12:12 | Build | Palisade Wall |
| 12:39 | Queue | Villager (Male) |
| 12:56 | Queue | Spearman |
| 12:56 | Queue | Spearman |
| 13:02 | Queue | Scout Cavalry |
| 13:36 | Queue | Villager (Male) |
| 13:37 | Queue | Villager (Male) |
| 14:17 | Queue | Villager (Male) |
| 14:42 | Queue | Villager (Male) |
| 14:47 | Queue | Villager (Male) |
| 14:59 | Build | House |
| 15:03 | Research | Wheelbarrow |
| 15:12 | Build | Farm |
| 15:12 | Build | Farm |
| 15:14 | Build | Farm |
| 15:14 | Build | Farm |
| 15:15 | Build | Farm |
| 15:15 | Build | Farm |
| 15:15 | Build | Farm |
| 15:15 | Build | Farm |
| 15:34 | Queue | Villager (Male) |
| 15:56 | Build | Farm |
| 15:56 | Build | Farm |
| 15:56 | Build | Farm |
| 15:57 | Build | Farm |
| 15:57 | Build | Farm |
| 15:57 | Build | Farm |
| 15:57 | Build | Farm |
| 15:58 | Build | Farm |
| 16:00 | Queue | Villager (Male) |
| 16:25 | Queue | Villager (Male) |
| 16:34 | Build | Mining Camp |
| 16:40 | Queue | Spearman |
| 16:58 | Queue | Spearman |
| 17:13 | Queue | Villager (Male) |
| 17:30 | Build | House |
| 17:33 | Build | House |
| 17:48 | Queue | Villager (Male) |
| 17:51 | Queue | Villager (Male) |
| 18:03 | Queue | Villager (Male) |
| 18:21 | Build | Blacksmith |
| 18:28 | Build | House |
| 18:36 | Queue | Villager (Male) |
| 18:54 | Build | Lumber Camp |
| 18:57 | Queue | Villager (Male) |
| 18:59 | Queue | Villager (Male) |
| 19:07 | Research | Castle Age |
| 19:21 | Research | Horse Collar |
| 19:33 | Build | Farm |
| 19:39 | Queue | Spearman |
| 19:39 | Queue | Spearman |
| 19:44 | Research | Scale Mail Armor |
| 19:54 | Build | House |
| 20:36 | Queue | Villager (Male) |
| 20:40 | Queue | Villager (Male) |
| 20:43 | Queue | Villager (Male) |
| 20:48 | Build | House |
| 20:53 | Build | House |
| 21:07 | Build | House |
| 21:10 | Build | Farm |
| 21:22 | Build | Stable |
| 21:35 | Research | Bloodlines |
| 21:36 | Research | Scale Barding Armor |
| 22:10 | Queue | Villager (Male) |
| 22:17 | Build | Town Center |
| 22:40 | Research | Bow Saw |
| 22:55 | Queue | Villager (Male) |
| 23:01 | Queue | Knight |
| 23:02 | Queue | Knight |
| 23:05 | Research | Chain Barding Armor |
| 23:11 | Queue | Knight |
| 23:11 | Queue | Knight |
| 23:24 | Queue | Villager (Male) |
| 23:30 | Queue | Villager (Male) |
| 23:38 | Queue | Villager (Male) |
| 23:41 | Queue | Knight |
| 23:41 | Queue | Knight |
| 23:55 | Research | Husbandry |
| 24:09 | Queue | Knight |
| 24:12 | Build | Farm |
| 24:15 | Queue | Villager (Male) |
| 24:16 | Build | Farm |
| 24:19 | Queue | Villager (Male) |
| 24:25 | Queue | Knight |
| 24:29 | Build | Farm |
| 24:30 | Research | Heavy Plow |
| 24:39 | Queue | Villager (Male) |
| 24:50 | Build | Farm |
| 24:51 | Build | Farm |
| 24:53 | Queue | Villager (Male) |
| 24:54 | Queue | Villager (Male) |
| 25:02 | Queue | Villager (Male) |
| 25:05 | Queue | Knight |
| 25:05 | Queue | Knight |
Build order — ManyKitten76428
First 150 of 339 actions detected
| 0:01 | Queue | Villager (Male) |
| 0:01 | Queue | Villager (Male) |
| 0:01 | Queue | Villager (Male) |
| 0:01 | Queue | Villager (Male) |
| 0:02 | Queue | Villager (Male) |
| 0:02 | Queue | Villager (Male) |
| 0:02 | Queue | Villager (Male) |
| 0:02 | Queue | Villager (Male) |
| 0:02 | Queue | Villager (Male) |
| 0:04 | Build | House |
| 0:07 | Build | House |
| 1:15 | Queue | Villager (Male) |
| 1:16 | Queue | Villager (Male) |
| 1:49 | Build | Lumber Camp |
| 1:52 | Queue | Villager (Male) |
| 1:52 | Queue | Villager (Male) |
| 2:19 | Queue | Villager (Male) |
| 2:19 | Queue | Villager (Male) |
| 2:42 | Queue | Villager (Male) |
| 2:42 | Queue | Villager (Male) |
| 3:01 | Queue | Villager (Male) |
| 3:02 | Queue | Villager (Male) |
| 3:28 | Queue | Villager (Male) |
| 3:28 | Queue | Villager (Male) |
| 3:52 | Queue | Villager (Male) |
| 3:52 | Queue | Villager (Male) |
| 3:55 | Build | House |
| 3:56 | Build | Palisade Wall |
| 4:01 | Build | Mill |
| 4:30 | Queue | Villager (Male) |
| 4:31 | Queue | Villager (Male) |
| 4:45 | Build | Palisade Wall |
| 4:50 | Queue | Villager (Male) |
| 4:50 | Queue | Villager (Male) |
| 5:01 | Queue | Villager (Male) |
| 5:20 | Queue | Villager (Male) |
| 5:59 | Research | Loom |
| 6:30 | Queue | Villager (Male) |
| 6:33 | Build | House |
| 7:06 | Queue | Villager (Male) |
| 7:31 | Research | Feudal Age |
| 8:26 | Build | Palisade Wall |
| 8:36 | Build | House |
| 8:52 | Build | Mill |
| 9:57 | Build | Stable |
| 10:14 | Build | House |
| 10:19 | Queue | Villager (Male) |
| 10:20 | Queue | Villager (Male) |
| 10:39 | Build | Palisade Wall |
| 10:44 | Build | House |
| 10:49 | Build | Palisade Wall |
| 10:50 | Build | Palisade Wall |
| 10:50 | Build | Palisade Wall |
| 10:51 | Build | Palisade Wall |
| 10:52 | Build | Palisade Wall |
| 10:58 | Queue | Scout Cavalry |
| 10:58 | Queue | Scout Cavalry |
| 10:58 | Queue | Scout Cavalry |
| 11:10 | Build | Blacksmith |
| 11:19 | Queue | Villager (Male) |
| 11:19 | Queue | Villager (Male) |
| 11:19 | Queue | Villager (Male) |
| 11:49 | Build | Mining Camp |
| 12:02 | Build | House |
| 12:03 | Build | House |
| 12:09 | Research | Scale Barding Armor |
| 12:10 | Research | Forging |
| 12:19 | Build | Farm |
| 12:28 | Build | Farm |
| 12:31 | Build | Farm |
| 12:48 | Queue | Villager (Male) |
| 12:48 | Queue | Villager (Male) |
| 12:53 | Build | House |
| 12:57 | Build | Palisade Wall |
| 13:00 | Build | Palisade Wall |
| 13:02 | Build | Palisade Wall |
| 13:33 | Build | Farm |
| 13:38 | Build | Farm |
| 13:46 | Build | House |
| 13:48 | Build | Palisade Wall |
| 13:49 | Build | Palisade Wall |
| 14:08 | Queue | Villager (Male) |
| 14:08 | Queue | Villager (Male) |
| 14:12 | Build | House |
| 14:19 | Queue | Villager (Male) |
| 14:42 | Queue | Scout Cavalry |
| 14:46 | Queue | Scout Cavalry |
| 14:46 | Queue | Scout Cavalry |
| 15:27 | Queue | Villager (Male) |
| 15:27 | Queue | Villager (Male) |
| 15:30 | Build | Barracks |
| 15:35 | Build | Barracks |
| 15:58 | Queue | Scout Cavalry |
| 16:04 | Build | Farm |
| 16:13 | Build | Farm |
| 16:14 | Queue | Villager (Male) |
| 16:17 | Build | Farm |
| 16:32 | Queue | Villager (Male) |
| 16:34 | Queue | Scout Cavalry |
| 16:41 | Build | Farm |
| 16:50 | Build | Farm |
| 17:10 | Queue | Villager (Male) |
| 17:10 | Queue | Villager (Male) |
| 17:15 | Build | Farm |
| 17:17 | Build | Farm |
| 17:25 | Queue | Villager (Male) |
| 18:04 | Queue | Villager (Male) |
| 18:08 | Build | Archery Range |
| 18:23 | Build | Farm |
| 18:25 | Build | Farm |
| 18:43 | Queue | Villager (Male) |
| 18:58 | Queue | Villager (Male) |
| 18:59 | Queue | Villager (Male) |
| 19:07 | Queue | Skirmisher |
| 19:08 | Queue | Skirmisher |
| 19:08 | Queue | Skirmisher |
| 19:08 | Queue | Skirmisher |
| 19:24 | Build | House |
| 19:31 | Queue | Villager (Male) |
| 19:40 | Queue | Villager (Male) |
| 19:44 | Build | Farm |
| 19:46 | Build | Farm |
| 19:50 | Build | Palisade Wall |
| 19:59 | Build | Palisade Wall |
| 20:05 | Queue | Villager (Male) |
| 20:36 | Build | Palisade Wall |
| 20:48 | Build | Farm |
| 20:52 | Build | Mining Camp |
| 20:59 | Build | Palisade Wall |
| 21:08 | Queue | Skirmisher |
| 21:08 | Queue | Skirmisher |
| 21:08 | Queue | Skirmisher |
| 21:15 | Build | Market |
| 21:27 | Build | Farm |
| 21:50 | Build | Farm |
| 21:50 | Research | Castle Age |
| 22:05 | Build | Farm |
| 22:17 | Build | House |
| 22:23 | Build | Palisade Wall |
| 22:26 | Queue | Spearman |
| 22:26 | Queue | Spearman |
| 22:26 | Queue | Spearman |
| 23:05 | Build | Farm |
| 23:13 | Queue | Spearman |
| 23:14 | Queue | Spearman |
| 23:14 | Queue | Spearman |
| 23:19 | Research | Scale Mail Armor |
| 23:28 | Research | Double-Bit Axe |
| 23:31 | Research | Horse Collar |
| 23:43 | Queue | Spearman |
Match timeline
| 3:56 | ManyKitten76428 · wall_segment Palisade Wall x1 |
| 4:45 | ManyKitten76428 · wall_segment Palisade Wall x6 |
| 7:24 | HAN | Bilge Tonyukuk · first_building Barracks |
| 8:26 | ManyKitten76428 · wall_segment Palisade Wall x3 |
| 8:45 | HAN | Bilge Tonyukuk · wall_segment Palisade Wall x2 |
| 9:22 | HAN | Bilge Tonyukuk · first_building Stable |
| 9:57 | ManyKitten76428 · first_building Stable |
| 10:39 | ManyKitten76428 · wall_segment Palisade Wall x1 |
| 10:49 | ManyKitten76428 · wall_segment Palisade Wall x1 |
| 10:50 | ManyKitten76428 · wall_segment Palisade Wall x1 |
| 10:50 | ManyKitten76428 · wall_segment Palisade Wall x1 |
| 10:51 | ManyKitten76428 · wall_segment Palisade Wall x1 |
| 10:52 | ManyKitten76428 · wall_segment Palisade Wall x1 |
| 12:12 | HAN | Bilge Tonyukuk · wall_segment Palisade Wall x1 |
| 12:57 | ManyKitten76428 · wall_segment Palisade Wall x1 |
| 13:00 | ManyKitten76428 · wall_segment Palisade Wall x1 |
| 13:02 | ManyKitten76428 · wall_segment Palisade Wall x1 |
| 13:48 | ManyKitten76428 · wall_segment Palisade Wall x1 |
| 13:49 | ManyKitten76428 · wall_segment Palisade Wall x1 |
| 15:30 | ManyKitten76428 · first_building Barracks |
| 18:08 | ManyKitten76428 · first_building Archery Range |
| 19:50 | ManyKitten76428 · wall_segment Palisade Wall x9 |
| 19:59 | ManyKitten76428 · wall_segment Palisade Wall x11 |
| 20:36 | ManyKitten76428 · wall_segment Palisade Wall x7 |
| 20:59 | ManyKitten76428 · wall_segment Palisade Wall x7 |
| 22:23 | ManyKitten76428 · wall_segment Palisade Wall x4 |
| 24:20 | ManyKitten76428 · wall_segment Stone Wall x6 |
| 24:24 | ManyKitten76428 · wall_segment Stone Wall x1 |
| 24:41 | ManyKitten76428 · first_building Monastery |
| 26:38 | ManyKitten76428 · wall_segment Palisade Wall x1 |
| 27:18 | ManyKitten76428 · wall_segment Stone Wall x1 |
| 29:09 | HAN | Bilge Tonyukuk · first_building Castle |
| 29:27 | ManyKitten76428 · first_building Siege Workshop |
| 30:39 | HAN | Bilge Tonyukuk · first_building Monastery |
| 31:05 | HAN | Bilge Tonyukuk · first_building Archery Range |
| 32:20 | HAN | Bilge Tonyukuk · first_building Siege Workshop |
| 34:37 | ManyKitten76428 · wall_segment Stone Wall x7 |
| 35:45 | ManyKitten76428 · wall_segment Stone Wall x8 |
| 36:09 | ManyKitten76428 · first_building Castle |
| 38:32 | ManyKitten76428 · wall_segment Stone Wall x11 |
| 38:38 | ManyKitten76428 · wall_segment Stone Wall x3 |
| 38:44 | ManyKitten76428 · wall_segment Stone Wall x1 |
| 39:14 | ManyKitten76428 · wall_segment Stone Wall x1 |
| 39:19 | ManyKitten76428 · wall_segment Stone Wall x5 |
| 39:30 | ManyKitten76428 · wall_segment Stone Wall x1 |
| 39:32 | ManyKitten76428 · wall_segment Stone Wall x1 |
| 39:53 | ManyKitten76428 · wall_segment Stone Wall x3 |
| 40:07 | ManyKitten76428 · wall_segment Stone Wall x3 |
| 44:01 | ManyKitten76428 · resign |
[ AI ANALYSIS · 1 CREDIT ]
What really happened in this match?
Wolo.gg analyzes every decision: build order, eco, micro, common mistakes by bracket. Personalized analysis on WhatsApp or Discord in 30 seconds.
Civ guide
Persians
Perfil
Jugador #850659